 Dungeon Crawl Stone Soup version 0.26.1-10-gdfb7c7de75 (webtiles) character file.

Game seed: 12478220102720572610

27 raph the Grave Robber (level 2, 0/15 HPs)
             Began as a Deep Elf Necromancer on Apr 5, 2021.
             Succumbed to an adder's poison
             ... on level 2 of the Dungeon.
             The game lasted 00:01:41 (888 turns).

raph the Grave Robber (Deep Elf Necromancer)         Turns: 888, Time: 00:01:41

Health: 0/15       AC:  2    Str:  5    XL:     2   Next: 93%
Magic:  4/8        EV: 13    Int: 19    God:
Gold:   102        SH:  0    Dex: 17    Spells: 5/7 levels left

rFire    . . .     SeeInvis .   c - +0 short sword
rCold    + + .     Faith    .   (no shield)
rNeg     + . .     Spirit   .   a - +0 robe
rPois    .         Reflect  .   (no helmet)
rElec    .         Harm     .   (no cloak)
rCorr    .         Rampage  .   (no gloves)
Will     .....                  (no boots)
Stlth    ++........             (no amulet)
HPRegen  0.05/turn              f - ring of positive energy
MPRegen  0.11/turn              (no ring)

@: lethally poisoned (0 -> -5), flying
A: agile 1, cold resistance 2, evolution 1
a: no special abilities


You were on level 2 of the Dungeon.
You visited 1 branch of the dungeon, and saw 2 of its levels.

You collected 102 gold pieces.

Inventory:

Hand Weapons
 c - a +0 short sword (weapon)
Armour
 a - a +0 robe (worn)
Jewellery
 f - a ring of positive energy (left hand)
Scrolls
 b - a scroll of remove curse {unknown}
 e - a scroll of identify {unknown}
Potions
 d - a potion of flight


   Skills:
 + Level 2.8 Dodging
 + Level 2.9 Stealth
 + Level 3.4 Spellcasting
 * Level 5.3 Necromancy


You had 5 spell levels left.
You knew the following spells:

 Your Spells              Type           Power        Failure   Level
a - Pain                  Necr           92%          1%          1
b - Animate Skeleton      Necr           46%          1%          1

Your spell library contained the following spells:

 Spells                   Type           Power        Failure   Level
 Vampiric Draining        Necr           11%          4%          3
 Animate Dead             Necr           11%          16%         4
 Agony                    Necr           23%          41%         5


Dungeon Overview and Level Annotations

Branches:
Dungeon (2/15)

Altars:


Innate Abilities, Weirdness & Mutations

You are agile. (Dex +2)
Your flesh is very cold resistant. (rC++)
You evolve.


Message History

The adder closely misses you.
Aiming: Pain (safe; 1% risk of failure)
Press: ? - help, Q - select action, (/) - cycle Shift-Dir - straight line, f/p - adder
Aim: an adder (almost dead, chance to affect: 87%)
The adder writhes in agony.
You kill the adder!
* * * LOW HITPOINT WARNING * * *
You feel sick. The bat barely misses you. The bat misses you.
The bat hits you but does no damage.
You see here 8 gold pieces.
The bat misses you.
* * * LOW HITPOINT WARNING * * *
You feel sick. The bat barely misses you.
It was a potion of flight.
You feel very buoyant.
You fly up into the air.
The bat barely misses you.
It was a potion of mutation.
You feel extremely strange.
You feel nature experimenting on you.
Don't worry, failures die fast.
You feel resistant to cold.
You feel more resistant to cold.
You feel agile.
You die...

..........##.
#........... ..
#.........#
#..####.........#
................##
..#.............####
#.......$...†.......#
#.##..............#.#
....#.g..@b........#
..##...........†....# #
...######.........######
.... ##.............#
... ###...........# ..
#.....<......#
#.......###### #.......#
##.....##


You could see a goblin and a bat.

Vanquished Creatures
  An adder (D:2)
  6 bats
  A giant cockroach (D:1)
  2 goblins (D:1)
  2 hobgoblins (D:1)
  2 kobolds (D:1)
  2 frilled lizards (D:1)
  2 rats (D:1)
18 creatures vanquished.

Notes
Turn   | Place    | Note
-------+----------+-------------------------------------------
     0 | D:1      | raph the Deep Elf Necromancer began the quest for the Orb.
     0 | D:1      | Reached XP level 1. HP: 10/10 MP: 6/6
    63 | D:1      | Learned a level 1 spell: Animate Skeleton
   212 | D:1      | Reached skill level 5 in Necromancy
   234 | D:1      | Reached XP level 2. HP: 12/15 MP: 5/8
   888 | D:2      | Gained mutation: You evolve. [potion of mutation]
   888 | D:2      | Gained mutation: Your flesh is cold resistant. (rC+)
                  | [potion of mutation]
   888 | D:2      | Gained mutation: Your flesh is very cold resistant. (rC++)
                  | [potion of mutation]
   888 | D:2      | Gained mutation: You are agile. (Dex +2) [potion of
                  | mutation]
   888 | D:2      | Succumbed to an adder's poison

Illustrated notes

Levels and vault maps discovered:
D:1:      sevenhm_arrival_forest_fort_large_4, layout_basic,
          chequers_decorated_corner
D:2:      layout_rooms

Skill      XL: |  1 |
---------------+----+-----
Necromancy     | 5 |  5.3
Dodging        | |  2.8
Stealth        | |  2.9
Spellcasting   | |  3.4

Action                   || total
-------------------------++-------
 Cast: Pain              ||    23
       Animate Skeleton  ||     1
  Use: Potion            ||     2
Armor: Robe              ||     1
Dodge: Dodged            ||     7
